 Dungeon Crawl Stone Soup version 0.30.1-4-g462c640d31 (webtiles) character file.

Game seed: 16511411945880149292

21794 Peloso the Cleaver (level 12, -4/110 HPs)
             Began as a Minotaur Fighter on Aug 10, 2023.
             Was a High Priest of Okawaru.
             Killed from afar by an oklob plant (10 damage)
             ... with a splash of acid
             ... on level 1 of the Lair of Beasts.
             The game lasted 00:20:36 (14258 turns).

Peloso the Cleaver (Minotaur Fighter)              Turns: 14258, Time: 00:20:37

Health: -4/110     AC: 12    Str: 24    XL:     12   Next: 57%
Magic:  12/12      EV:  9    Int:  5    God:    Okawaru [*****.]
Gold:   639        SH:  7    Dex: 12    Spells: 11/11 levels left

rFire   + . .        a - +4 scimitar (flame)
rCold   . . .        d - +1 buckler
rNeg    . . .        G - +0 plate armour
rPois   .            v - +2 hat {Will+}
rElec   .            r - +1 cloak {Will+}
rCorr   .            (no gloves)
SInv    .            (no boots)
Will    ++...        (no amulet) Stlth
                     w - ring of protection from fire
HPRegen 0.38/turn    (no ring)
MPRegen 0.13/turn

%: no passive effects
@: corroded
A: horns 2, retaliatory headbutt
a: Renounce Religion, Heroism, Finesse, Duel


You were on level 1 of the Lair of Beasts.
You worshipped Okawaru.
Okawaru was extremely pleased with you.
You visited 3 branches of the dungeon, and saw 14 of its levels.

You collected 1438 gold pieces.
You spent 799 gold pieces at shops.

Inventory:

Hand Weapons
 a - a +4 scimitar of flaming (weapon)
 b - the +7 hand axe of the Orange Skies {speed, rElec Will- Int+5 Dex+4}
   (You found it on level 3 of the Dungeon)

   Int:       It affects your intelligence (+5).
   Dex:       It affects your dexterity (+4).
   rElec:     It insulates you from electricity.
   Will:      It decreases your willpower.
 c - a +0 short sword of flaming
Armour
 d - a +1 buckler (worn)
 r - a +1 cloak of willpower (worn)
 v - a +2 hat of willpower (worn)
 G - a +0 plate armour (worn)
Jewellery
 p - a ring of magical power
 w - a ring of protection from fire (left hand)
 D - an amulet of the acrobat
 N - a ring of wizardry
 O - an amulet of guardian spirit
 P - a +5 ring of evasion
 R - a ring of magical power
Wands
 y - a wand of paralysis (14)
 C - a wand of digging (6)
 E - a wand of polymorph (10)
 I - a wand of flame (27)
Scrolls
 f - 4 scrolls of noise
 h - 2 scrolls of enchant armour
 j - 3 scrolls of teleportation
 m - 4 scrolls of blinking {unknown}
 q - 4 scrolls of immolation
 s - 2 scrolls of amnesia
 u - a scroll of fog
 x - 3 scrolls of magic mapping
 A - 2 scrolls of poison
 B - 5 scrolls of fear
 J - a scroll of enchant weapon
 K - a scroll of acquirement
 Q - a scroll of identify
Potions
 e - a potion of lignification
 g - a potion of haste
 i - 5 potions of curing
 k - 2 potions of brilliance
 l - 2 potions of cancellation
 n - a potion of resistance
 o - 4 potions of might
 t - 2 potions of attraction
 z - 2 potions of flight
 F - a potion of magic
 H - a potion of invisibility {unknown}
 L - 2 potions of berserk rage {unknown}
 M - 2 potions of heal wounds
 S - 2 potions of ambrosia {unknown}


   Skills:
 + Level 11.2 Fighting
 + Level 9.4 Long Blades
 + Level 14.2 Axes
 + Level 12.5 Armour
 + Level 4.5 Dodging
 + Level 1.6 Stealth
 + Level 8.8 Shields
 + Level 1.6 Invocations


You had 11 spell levels left.
You didn't know any spells.
Your spell library contained the following spells:

 Spells                   Type           Power      Damage    Failure   Level
 Apportation              Tloc           0%         N/A       99%         1
 Necrotise                Necr           0%         1d4       99%         1
 Sandblast                Erth           0%         2d4       99%         1
 Blink                    Tloc           0%         N/A       100%        2
 Cigotuvi's Dreadful Rot  Necr/Pois/Air  0%         N/A       100%        2
 Passwall                 Tmut/Erth      0%         N/A       100%        2
 Sublimation of Blood     Necr           0%         N/A       100%        2
 Ignite Poison            Fire/Tmut/Pois 0%         N/A       100%        3
 Stone Arrow              Conj/Erth      0%         3d7       100%        3
 Petrify                  Tmut/Erth      0%         N/A       100%        4
 Freezing Cloud           Conj/Ice/Air   0%         6-21      100%        5
 Irradiate                Conj/Tmut      0%         3d11      100%        5
 Dispersal                Tloc           0%         N/A       100%        6
 Summon Small Mammal      Summ           Unusable   N/A       N/A         1

Dungeon Overview and Level Annotations

Branches:
Dungeon (12/15)            Temple (1/1) D:7            Lair (1/5) D:8
    Orc (0/2) D:12

Altars:
Ashenzari
Cheibriados
Dithmenos
Elyvilon
Fedhas
Gozag
Hepliaklqana
Kikubaaqudgha
Makhleb
Nemelex Xobeh
Okawaru
Qazlal
Ru
Sif Muna
Trog
Uskayaw
Vehumet
Wu Jian
Xom
Yredelemnul
Zin
The Shining One

Shops:
D:3 ?   D:8 *   D:11 *

Annotations:
Lair:1 3 runed translucent doors, exclusion: oklob plant, fdsf's ghost, novice HONe


Innate Abilities, Weirdness & Mutations

You have a pair of horns on your head.
You reflexively headbutt those who attack you in melee.


Message History

You hit the oklob plant. You burn the oklob plant.
The oklob plant is lightly damaged.
The oklob plant spits acid at you. The splash of acid hits you!
The acid corrodes you!
You hit the oklob plant but do no damage.
You headbutt the oklob plant.
The oklob plant is lightly damaged.
The oklob plant spits acid at you. You block the splash of acid.
You hit the oklob plant but do no damage.
The oklob plant is lightly damaged.
The oklob plant spits acid at you. The splash of acid hits you!!
You hit the oklob plant but do no damage.
You headbutt the oklob plant, but do no damage.
The oklob plant is lightly damaged.
The oklob plant spits acid at you. The splash of acid hits you!!
* * * LOW HITPOINT WARNING * * *
You hit the oklob plant but do no damage.
The oklob plant is lightly damaged.
You slash the oklob plant! You burn the oklob plant.
The oklob plant is heavily damaged.
You hit the oklob plant but do no damage.
The oklob plant is heavily damaged.
Unknown command.
Okay, then.
You slash the oklob plant! You burn the oklob plant.
The oklob plant is severely damaged.
The oklob plant spits acid at you. The splash of acid hits you!!
* * * LOW HITPOINT WARNING * * *
The acid corrodes you!
Unknown command.
You hit the oklob plant. You burn the oklob plant.
You headbutt the oklob plant.
The oklob plant is severely damaged.
The oklob plant spits acid at you. The splash of acid hits you!
You die...

#..............................
##..............................
#..................###P.####....
##.................# #### #....
#...##..#.#####.#.# #.###
##...#...........P.# ##.#
#.............P....## #..#
#....#........_P.+..# ##.###
#....###+.##+#.@.#.## #....
##.................# #...#
#.................# ##...#
#...####..#.......## #....#
#..## #####......P# #..... #..##
##......### ##..### #...#
#.......#.#####.)##DZ #..##
##..............##.Z. #..#
#...............#....


You could see an oklob plant.

Vanquished Creatures
  Gastronok (D:8)
  A two-headed ogre (D:11)
  4 skeletal warriors (D:12)
  A deep elf pyromancer (D:12)
  A cyclops (D:11)
  Maurice (D:8)
  2 manticores
  2 cane toads (Lair:1)
  2 gargoyles
  2 komodo dragons
  A kobold demonologist (D:10)
  An efreet (D:12)
  Psyche (D:8)
  A rime drake (Lair:1)
  3 hornets
  2 trolls
  Prince Ribbit (D:8)
  5 blink frogs (Lair:1)
  7 slime creatures (D:12)
  15 yaks
  Sigmund (D:3)
  4 wyverns
  9 vampire mosquitoes
  A warg (D:12)
  4 water moccasins
  An acid dragon (D:6)
  8 orc warriors
  2 black bears
  10 centaurs
  An ogre (D:6)
  2 phantoms
  7 bullfrogs
  A gnoll sergeant (D:12)
  5 scorpions
  21 wights
  11 killer bees
  5 electric eels (D:10)
  4 howler monkeys
  2 jellies
  2 hounds
  Crazy Yiuf (D:3)
  5 orc priests
  A sleepcap (D:5)
  2 gnoll boudas
  Jessica (D:2)
  2 iguanas
  Terence (D:2)
  8 orc wizards
  Natasha (thrice) (D:3)
  9 gnolls
  13 adders
  4 worms
  5 dart slugs
  24 orcs
  4 endoplasms
  2 giant cockroaches
  6 goblins
  2 hobgoblins (D:3)
  3 jackals (D:3)
  4 quokkas
  9 ball pythons
  4 bats
  6 frilled lizards
  10 kobolds
  5 rats
289 creatures vanquished.

Vanquished Creatures (others)
  An orc wizard (D:5)
  A gnoll (D:10)
2 creatures vanquished.

Grand Total: 291 creatures vanquished

Notes
Turn   | Place    | Note
-------+----------+-------------------------------------------
     0 | D:1      | Peloso the Minotaur Fighter began the quest for the Orb.
     0 | D:1      | Reached XP level 1. HP: 19/19 MP: 0/0
    89 | D:1      | Reached XP level 2. HP: 24/27 MP: 1/1
   674 | D:2      | Reached XP level 3. HP: 33/33 MP: 2/2
   703 | D:2      | Noticed Terence
   708 | D:2      | Killed Terence
   837 | D:2      | Reached XP level 4. HP: 40/40 MP: 3/3
   876 | D:2      | Noticed Jessica
   882 | D:2      | Killed Jessica
  1268 | D:3      | Found a blossoming altar of Fedhas.
  1278 | D:3      | Reached XP level 5. HP: 39/47 MP: 4/4
  1373 | D:3      | Found a sparkling altar of Nemelex Xobeh.
  1390 | D:3      | Identified the +7 hand axe of the Orange Skies {speed,
                  | rElec Will- Int+5 Dex+4}
  1441 | D:3      | Found an ornate altar of the Wu Jian Council.
  1492 | D:3      | Found Lesom's Magic Scroll Emporium.
  1515 | D:3      | Noticed Natasha
  1540 | D:3      | Killed Natasha
  1541 | D:3      | Reached skill level 5 in Armour
  1549 | D:3      | Noticed Sigmund
  1567 | D:3      | Killed Sigmund
  1568 | D:3      | Reached skill level 5 in Fighting
  1568 | D:3      | Reached skill level 5 in Long Blades
  1568 | D:3      | Reached skill level 1 in Dodging
  1568 | D:3      | Reached XP level 6. HP: 42/56 MP: 5/5
  1601 | D:3      | Noticed Natasha
  1610 | D:3      | Killed Natasha
  1779 | D:3      | Noticed Natasha
  1789 | D:3      | Killed Natasha
  1970 | D:3      | Found a faded altar of an unknown god.
  2201 | D:3      | Found a runed translucent door.
  2202 | D:3      | Noticed Crazy Yiuf
  2209 | D:3      | Killed Crazy Yiuf
  2371 | D:4      | Found a shimmering altar of Xom.
  2457 | D:4      | Found a bloodstained altar of Trog.
  2465 | D:4      | Reached XP level 7. HP: 59/61 MP: 6/6
  2550 | D:4      | Found a glowing silver altar of Zin.
  2977 | D:5      | Entered Level 5 of the Dungeon
  3072 | D:5      | Reached skill level 1 in Axes
  3099 | D:5      | Reached skill level 2 in Axes
  3115 | D:5      | Reached skill level 3 in Axes
  3124 | D:5      | Reached XP level 8. HP: 28/70 MP: 7/7
  3386 | D:5      | Reached skill level 4 in Axes
  3533 | D:5      | Found a glowing golden altar of the Shining One.
  3626 | D:6      | Reached skill level 5 in Shields
  3790 | D:6      | Reached skill level 5 in Axes
  3867 | D:6      | Found a snail-covered altar of Cheibriados.
  4171 | D:6      | Reached skill level 6 in Axes
  4587 | D:7      | Found a white marble altar of Elyvilon.
  4790 | D:7      | Found a staircase to the Ecumenical Temple.
  4914 | Temple   | Entered the Ecumenical Temple
  4948 | Temple   | Became a worshipper of Warmaster Okawaru
  5535 | D:8      | Reached XP level 9. HP: 72/78 MP: 8/8
  5539 | D:8      | Reached skill level 7 in Axes
  5543 | D:8      | Reached skill level 1 in Stealth
  5608 | D:8      | Found a staircase to the Lair.
  5639 | D:8      | Found a stormy altar of Qazlal.
  5661 | D:8      | Noticed Psyche
  5674 | D:8      | Killed Psyche
  5916 | D:8      | Reached skill level 8 in Axes
  5999 | D:8      | Found a hazy altar of Hepliaklqana.
  6129 | D:8      | Reached * piety under Okawaru
  6393 | D:8      | Noticed Maurice
  6394 | D:8      | Paralysed by Maurice for 3 turns
  6401 | D:8      | Paralysed by something for 3 turns
  6407 | D:8      | Paralysed by something for 5 turns
  6413 | D:8      | Paralysed by something for 2 turns
  6434 | D:8      | Paralysed by something for 2 turns
  6444 | D:8      | Killed Maurice
  6445 | D:8      | Reached skill level 9 in Axes
  6531 | D:8      | Noticed Prince Ribbit
  6539 | D:8      | Killed Prince Ribbit
  6541 | D:8      | Reached ** piety under Okawaru
  6545 | D:8      | HP: 4/81 [poisoned by a hornet]
  6546 | D:8      | Reached XP level 10. HP: 5/88 MP: 9/9
  6833 | D:8      | Reached skill level 10 in Axes
  6938 | D:8      | Found Foyvvak's Serpentskin Sales.
  7166 | D:8      | Noticed Gastronok
  7193 | D:8      | Killed Gastronok
  7194 | D:8      | Reached skill level 11 in Axes
  7657 | D:9      | Found a hide-covered altar of Uskayaw.
  7842 | D:9      | Got the Volume of the Discontinuous Quarry
  8256 | D:9      | Reached *** piety under Okawaru
  8269 | D:9      | Reached skill level 12 in Axes
  8589 | D:3      | Bought a scroll of acquirement for 676 gold pieces
  8589 | D:3      | Bought a scroll of magic mapping for 97 gold pieces
  8589 | D:3      | Bought a scroll of identify for 26 gold pieces
  8709 | D:10     | Entered Level 10 of the Dungeon
  8809 | D:10     | Found a sacrificial altar of Ru.
  8859 | D:10     | Reached XP level 11. HP: 89/97 MP: 10/10
  9063 | D:10     | Reached **** piety under Okawaru
  9318 | D:10     | Reached skill level 10 in Armour
  9467 | D:11     | Reached skill level 13 in Axes
  9794 | D:11     | Found Bele's Elemental Accessories.
 10083 | D:11     | Noticed a two-headed ogre
 10089 | D:11     | Killed a two-headed ogre
 10101 | D:11     | Reached skill level 10 in Fighting
 10598 | D:12     | Reached ***** piety under Okawaru
 10671 | D:12     | Found a staircase to the Orcish Mines.
 10779 | D:12     | Reached skill level 14 in Axes
 11129 | D:12     | Identified the +0 robe of Going Fast {Dex+6} (Okawaru
                  | gifted it to you on level 12 of the Dungeon)
 11129 | D:12     | Received a gift from Okawaru
 11595 | D:12     | Noticed a deep elf pyromancer
 11601 | D:12     | Killed a deep elf pyromancer
 11723 | D:12     | Reached XP level 12. HP: 16/108 MP: 11/11
 13074 | Lair:1   | Entered Level 1 of the Lair of Beasts
 13074 | Lair:1   | Noticed an ice dragon
 13085 | Lair:1   | Noticed fdsf's ghost (novice HONe)
 13127 | Lair:1   | Reached skill level 1 in Invocations
 13367 | Lair:1   | Found a runed translucent gate.
 13367 | Lair:1   | Found a runed translucent gate.
 13367 | Lair:1   | Found a runed translucent gate.
 13586 | Lair:1   | Found a snail-covered altar of Cheibriados.
 14257 | Lair:1   | HP: 5/110 [oklob plant/splash of acid (20)]
 14258 | Lair:1   | Killed from afar by an oklob plant

Illustrated notes

Levels and vault maps discovered:
D:1:      tarquinn_simple_flora_water_d, layout_rooms
D:2:      layout_loops_ring, uniq_jessica, uniq_terence
D:3:      layout_loops_ring, lemuel_tele_altar, overflow_temple_1_default,
          fedhas_altar_1, ebering_ecumenical_altar_hall, serial_shops,
          shop_scrolls, kennysheep_flooded_box, dreamdust_princess_corridor,
          grunt_decor_one_mirror, nicolae_half_adder, uniq_sigmund,
          uniq_natasha, uniq_crazy_yiuf_cottage
D:4:      layout_loops_ring, lemuel_crystal_altar,
          nicolae_overflow_crystal_walls, mainiacjoe_overflow_boulevard
D:5:      layout_cave_pools, mainiacjoe_overflow_surrounded_room
D:6:      layout_basic, lemuel_round_altar, minmay_misc_feat_cross, st_stairs_8,
          grunt_decor_junction
D:7:      layout_loops_corners, old_standard_altar, minmay_temple_entry_statues,
          serial_rivers, chequers_serial_rivers_large_a,
          chequers_serial_rivers_micro_d, chequers_serial_rivers_large_b,
          chequers_serial_rivers_micro_e
D:8:      layout_cave_pods, mainiacjoe_overflow_alcove_4,
          mainiacjoe_overflow_concentric_impassable, dpeg_oklobed_lair,
          guppyfry_shop_venom, uniq_psyche, uniq_prince_ribbit1, uniq_gastronok,
          uniq_maurice
D:9:      layout_roguey, kennysheep_mini_moat, nicolae_straight_to_the_point
D:10:     layout_basic, mainiacjoe_overflow_six_doors_small
D:11:     layout_irregular_city, nicolae_elemental_shop
D:12:     layout_roguey, david_orc_1_choice
Temple:   nicolae_temple_cloud_nine
Lair:1:   layout_chaotic_city, gammafunk_ghost_icy, lemuel_oklob_altar

Skill      XL: |  1  2  3  4  5  6  7  8  9 10 11 12 |
---------------+-------------------------------------+-----
Fighting       | 4 5 6 8 9 10 11 | 11.2
Armour         | 4 5 6 7 9 11 12 | 12.5
Long Blades    | 3 4 5 6 7 9 |  9.4
Shields        | 4 5 6 7 8 |  8.8
Dodging        | 1 2 3 4 |  4.5
Axes           | 3 6 9 12 14 | 14.2
Stealth        | 1 |  1.6
Invocations    | 1 |  1.6

Action                     |  1- 3 |  4- 6 |  7- 9 | 10-12 || total
---------------------------+-------+-------+-------+-------++-------
  Melee: Long sword        |    96 |    86 |       |       ||   182
         Headbutt          |     8 |    23 |    43 |   146 ||   220
         Hand axe          |       |    32 |   231 |   314 ||   577
         Scimitar          |       |       |       |   280 ||   280
 Invoke: Heroism           |       |       |       |     8 ||     8
  Evoke: Wand              |       |       |       |     1 ||     1
    Use: Scroll            |     4 |     2 |    11 |     4 ||    21
         Potion            |     2 |       |       |     3 ||     5
 Armour: Scale mail        |    53 |    22 |    59 |    21 ||   155
         Plate armour      |       |       |       |   218 ||   218
  Dodge: Dodged            |    40 |    40 |    65 |   174 ||   319
  Block: Buckler           |    24 |    30 |    63 |   152 ||   269
